 Dungeon Crawl Stone Soup version 0.31-a0-986-g5e6e4ef867 (webtiles) character file.

Game seed: 7183389836663638480

86 IdlyInterested the Ruffian (level 4, -2/33 HPs)
             Began as a Demonspawn Shapeshifter on Nov 9, 2023.
             Slain by Crazy Yiuf
             ... wielding a +2 quarterstaff of chaos
              (14 damage)
             ... on level 2 of the Dungeon.
             The game lasted 00:05:51 (1695 turns).

IdlyInterested the Ruffian (DsSh)                   Turns: 1695, Time: 00:05:52

Health: -2/33      AC:  8    Str: 15    XL:     4   Next: 27%
Magic:  4/4        EV:  7    Int: 13    God:
Gold:   137        SH:  0    Dex: 12    Spells: 3/3 levels left

rFire   . .          .
                       - Unarmed
rCold   . . .        (no shield)
rNeg    . . .        j - +0 chain mail
rPois   .            e - melded +0 helmet
rElec   .            m - melded +0 cloak
rCorr   .            g - melded +1 pair of gloves
SInv    .            (boots currently unavailable)
Will    .....        (no amulet) Stlth
                     (no ring)
HPRegen 0.25/turn    (no ring)
MPRegen 0.09/turn

%: no passive effects
@: beast-form
A: beast (slay +1), demonic magic 1
a: Begin Untransformation


You were on level 2 of the Dungeon.
You were a hulking beast.
You visited 1 branch of the dungeon, and saw 2 of its levels.

You collected 137 gold pieces.

Inventory:

Hand Weapons
 a - a +0 dagger
 o - a +0 short sword
Missiles
 f - 2 poisoned darts (quivered)
 h - 5 atropa-tipped darts
 q - 5 stones
Armour
 b - a +0 helmet
 e - a +0 helmet (melded)
 g - a +1 pair of gloves (melded)
 j - a +0 chain mail (worn)
 m - a +0 cloak (melded)
 p - a +0 scale mail
Talismans
 c - a beast talisman (active)
 d - a flux talisman
Scrolls
 n - a scroll of poison {unknown}
Potions
 i - a potion of heal wounds {unknown}
 k - 2 potions of curing {unknown}
 l - a potion of might {unknown}
 r - a potion of cancellation {unknown}
 s - a potion of attraction {unknown}
 t - 2 potions of degeneration {unknown}


   Skills:
 - Level 2.0 Fighting
 - Level 1.0 Throwing
 - Level 1.0 Armour
 - Level 1.7 Dodging
 * Level 3.6 Unarmed Combat
 * Level 0.0 Spellcasting
 - Level 1.0 Evocations
 - Level 2.8 Shapeshifting


You had 3 spell levels left.
You didn't know any spells.
Your spell library was empty.

Dungeon Overview and Level Annotations

Branches:
Dungeon (2/15)

Altars:

Annotations:
D:2 Crazy Yiuf


Innate Abilities, Weirdness & Mutations

You are a hulking beast.
Your limbs bulge with bestial killing power. (Slay +1)
Spells you cast may paralyse adjacent enemies.


Message History

Found a flux talisman and a helmet.
Found a stone staircase leading down.
You now have 137 gold pieces (gained 5).
Found 5 stones.
You see here a +0 helmet.
b - a +0 helmet You see here 5 stones.
q - 5 stones A giant cockroach comes into view.
You hit the giant cockroach.
The giant cockroach is severely wounded.
The giant cockroach bites you but does no damage.
You hit the giant cockroach.
You kill the giant cockroach!
Training target 1.0 for Evocations reached!
Your Evocations skill increases to level 1!
You see here a giant cockroach corpse.
r - a purple potion
Found a stone staircase leading up.
s - a puce potion
There is a stone staircase leading up here.
t - 2 clear potions You see here a +0 long sword.
You see here a +0 leather armour.
You open the door.
There is an open door here.
Crazy Yiuf shouts!
You open the door.
Crazy Yiuf waves his quarterstaff at you.
You punch Crazy Yiuf!
Crazy Yiuf is moderately wounded.
Crazy Yiuf hits you with a +2 quarterstaff of chaos!
Crazy Yiuf burns you!
You hit Crazy Yiuf but do no damage.
Crazy Yiuf is moderately wounded.
Crazy Yiuf barely misses you.
You punch Crazy Yiuf!
Crazy Yiuf is severely wounded.
Crazy Yiuf hits you with a +2 quarterstaff of chaos!
You die...

.#
##....###'..+#
.### #.....#
#....# ...#
#.....# ♣.PPP♣
##.# #.....#
♣.PP♣♣
#.###.....#
♣♣.♣♣
#..##.....#
♣.♣♣
###.##...<.#
♣♣.♣
....[......#
♣.♣♣
.##..#.....#
♣♣h♣
..##.#.....#
#g#
#.##.#.....#
...
#..........#
#...#
##.........#
#..)#
#.....#...#
#####
###########


You could see Crazy Yiuf.

Vanquished Creatures
  Robin (D:2)
  A gnoll (D:1)
  3 adders (D:2)
  2 dart slugs
  3 ball pythons (D:2)
  An endoplasm (D:1)
  2 giant cockroaches (D:2)
  11 goblins
  4 hobgoblins (D:2)
  2 kobolds
  A quokka (D:1)
  A bat (D:1)
  2 frilled lizards
  A rat (D:1)
35 creatures vanquished.

Notes
Turn   | Place    | Note
-------+----------+-------------------------------------------
     0 | D:1      | IdlyInterested the Demonspawn Shapeshifter began the quest
                  | for the Orb.
     0 | D:1      | Reached XP level 1. HP: 15/15 MP: 1/1
   452 | D:1      | Gained mutation: Spells you cast may paralyse adjacent
                  | enemies. [demonic ancestry]
   452 | D:1      | Reached XP level 2. HP: 21/21 MP: 2/2
   593 | D:1      | Reached skill level 1 in Armour
   593 | D:1      | Reached skill level 3 in Unarmed Combat
   720 | D:1      | Found a faded altar of an unknown god.
   871 | D:2      | Reached XP level 3. HP: 17/26 MP: 3/3
   926 | D:2      | Noticed Robin
   966 | D:2      | Killed Robin
   967 | D:2      | Reached skill level 1 in Throwing
   975 | D:2      | Reached XP level 4. HP: 14/33 MP: 4/4
  1286 | D:2      | Found a runed translucent door.
  1287 | D:2      | Noticed Crazy Yiuf
  1527 | D:2      | Reached skill level 1 in Evocations
  1695 | D:2      | Slain by Crazy Yiuf

Illustrated notes

Levels and vault maps discovered:
D:1:      wheals_arrival_shading, layout_loops_ring,
          ebering_ecumenical_altar_box, nicolae_grassy_gnolls
D:2:      layout_rooms, uniq_crazy_yiuf_cottage, uniq_robin

Skill      XL: |  1  2  3  4 |
---------------+-------------+-----
Armour         | 1 |  1.0
Unarmed Combat | 3 |  3.6
Throwing       | 1 |  1.0
Fighting       | 2 |  2.0
Evocations     | 1 |  1.0
Dodging        | |  1.7
Shapeshifting  | |  2.8

Action                     |  1- 3 |  4- 6 || total
---------------------------+-------+-------++-------
  Melee: Unarmed           |    82 |    24 ||   106
         Punch             |     2 |       ||     2
  Throw: Dart              |     3 |       ||     3
    Use: Potion            |     2 |       ||     2
 Armour: Leather armour    |     8 |       ||     8
         Animal skin       |     3 |       ||     3
         Scale mail        |    40 |     8 ||    48
         Skin              |     5 |       ||     5
         Chain mail        |       |     3 ||     3
  Dodge: Dodged            |    35 |    10 ||    45
   Form: Beast             |       |     2 ||     2
                           |       |     1 ||     1
         Flux              |       |     1 ||     1

Table legend: (Time is in decaauts)
 A = Elapsed time spent in this place.
 B = Non-inter-level travel time spent in this place.
 C = Inter-level travel time spent in this place.
 D = Time resting spent in this place.
 E = Time spent auto-exploring this place.
 F = Levels seen in this place.
 G = Mean time per level.
                   A        B        C        D        E       F      G
               +--------+--------+--------+--------+--------+-----+--------+
         Total |   1688 |   1630 |     58 |    151 |    995 |   2 |  844.0 |
       Dungeon |   1688 |   1630 |     58 |    151 |    995 |   2 |  844.0 |
               +--------+--------+--------+--------+--------+-----+--------+

Top non-repeatable levels by time:
     D:2: 851 daAuts
     D:1: 836 daAuts
